 Dungeon Crawl Stone Soup version 0.20-a0-1050-g57248f3 (webtiles) character file.

1069 Murumi the Covert (level 8, -2/58 HPs)
             Began as a Vampire Enchanter on Apr 25, 2017.
             Slain by a gnoll
             ... wielding a +0 halberd
              (5 damage)
             ... on level 5 of the Dungeon.
             The game lasted 00:24:35 (5628 turns).

Murumi the Covert (Vampire Enchanter)               Turns: 5628, Time: 00:24:36

Health: -2/58      AC:  3    Str:  7      XL:     8   Next: 7%
Magic:  1/11       EV: 19    Int: 16 (18) God:
Gold:   269        SH:  0    Dex: 20 (21) Spells: 5/11 levels left

rFire    . . .     SeeInvis +   a - +1 dagger
rCold    + . .     Gourm    .   (no shield)
rNeg     + + .     Faith    .   b - +0 robe
rPois    +         Spirit   .   (no helmet)
rElec    .         Reflect  .   k - scarf {repulsion}
rCorr    .         Harm     .   u - +0 pair of gloves (curse)
MR       .....                  (no boots)
Stlth    +++++++...             (no amulet)
Regen    0.1/turn               (no ring)
MPRegen  0.2/turn               (no ring)

@: agile, regenerating slowly, hasted, repel missiles, very quick
A: fangs 3, see invisible, unbreathing
a: Bat Form


You were on level 5 of the Dungeon.
You were very thirsty.

You visited 1 branch of the dungeon, and saw 5 of its levels.

You collected 269 gold pieces.

Inventory:

Hand Weapons
 a - a +1 dagger (weapon)
Armour
 b - a +0 robe (worn)
 g - a +2 shield
 k - a scarf of repulsion (worn)
 l - a +1 pair of gloves
 u - a cursed +0 pair of gloves (worn)
Jewellery
 t - an uncursed amulet of the gourmand {unknown}
Scrolls
 e - 2 scrolls of magic mapping {unknown}
 i - 5 scrolls of teleportation
 j - 4 scrolls of amnesia {unknown}
 m - a scroll of recharging {unknown}
 n - a scroll of fear {unknown}
 o - a scroll of enchant weapon {unknown}
 r - a scroll of enchant armour {unknown}
 s - a scroll of remove curse
 v - a scroll of fog {unknown}
Potions
 d - 8 potions of blood
 f - 2 potions of curing
 p - a potion of flight
 q - a potion of agility
Books
 c - a book of Maledictions

   Spells                             Type                      Level
   a - Corona                         Hexes                        1
   b - Ensorcelled Hibernation        Hexes/Ice                    2
   c - Confuse                        Hexes                        3
   d - Tukima's Dance                 Hexes                        3
   e - Dazzling Spray                 Conjuration/Hexes            3


   Skills:
 - Level 3.0 Fighting
 - Level 3.0 Short Blades
 - Level 3.2 Dodging
 + Level 10.4 Stealth
 - Level 4.0 Shields
 - Level 2.0 Spellcasting
 - Level 5.3 Hexes


You had 5 spell levels left.
You knew the following spells:

 Your Spells              Type           Power        Failure   Level  Hunger
a - Corona                Hex            ###....      2%          1    #......
b - Ensorcelled Hibernat  Hex/Ice        ##....       11%         2    ###....
c - Confuse               Hex            ###.....     7%          3    ###....


Dungeon Overview and Level Annotations

Branches:
Dungeon (5/15)
 Temple: D:4-7

Altars:
Qazlal
Ru
The Shining One

Annotations:
D:5 Ijyb, Pikel


Innate Abilities, Weirdness & Mutations

You heal slowly.
You have razor-sharp teeth.
You have supernaturally acute eyesight. (SInv)
You can survive without breathing.


Message History

* * * LOW HITPOINT WARNING * * *
You closely miss the gnoll. You hit the gnoll but do no damage.
The gnoll misses you.
You feel better.
You closely miss the gnoll. The gnoll hits you with a halberd!
* * * LOW HITPOINT WARNING * * *
You hit the gnoll but do no damage. You hit the gnoll but do no damage.
You bite the gnoll.
You draw the gnoll's blood!
You feel better.
You feel slightly less thirsty.
The gnoll is lightly wounded.
The gnoll hits you with a halberd!
* * * LOW HITPOINT WARNING * * *
You hit the gnoll.
The gnoll is moderately wounded.
You hit the gnoll.
The gnoll is heavily wounded.
You closely miss the gnoll.
The gnoll is heavily wounded.
The gnoll hits you with a halberd.
You die...

..>+ ..### ....########
#.#..........
#.#...........
###.#............
#.................
#.#Z##............
#.#.@ggh..........
#.####g...........
#...##............
#.#.##............
#.#####.##..........g.
#.......##........g...
######..##............
........<##............
###########...?......g.


You could see Ijyb, 2 gnolls, a giant cockroach zombie and a jackal.

Vanquished Creatures
  Grinder (D:4)
  Menkaure (D:4)
  Duvessa (D:4)
  An ice beast (D:4)
  A slave (D:4)
  An ogre (D:3)
  Blork the orc (D:5)
  A gnoll sergeant (D:5)
  Dowan (D:4)
  A hound (D:4)
  An iguana (D:4)
  An orc wizard (D:3)
  A worker ant (D:4)
  A gnoll (D:5)
  6 adders
  3 worms
  2 dart slugs (D:1)
  2 leopard geckos
  9 orcs
  13 bats
  A bat zombie (D:1)
  5 giant cockroaches
  8 goblins
  7 hobgoblins
  10 jackals
  A quokka (D:4)
  6 frilled lizards
  A giant cockroach zombie (D:1)
  5 kobolds
  A quokka skeleton (D:4)
  12 rats
106 creatures vanquished.

Notes
Turn   | Place    | Note
-------+----------+-------------------------------------------
     0 | D:1      | Murumi the Vampire Enchanter began the quest for the Orb.
     0 | D:1      | Reached XP level 1. HP: 13/13 MP: 3/3
   133 | D:1      | Reached skill level 5 in Stealth
   144 | D:1      | Reached XP level 2. HP: 17/20 MP: 5/5
   158 | D:1      | Learned a level 2 spell: Ensorcelled Hibernation
   250 | D:1      | Reached skill level 1 in Fighting
   792 | D:1      | Reached XP level 3. HP: 20/27 MP: 4/6
   797 | D:1      | Learned a level 3 spell: Confuse
  1866 | D:2      | Reached XP level 4. HP: 26/35 MP: 2/7
  1934 | D:2      | Found a glowing golden altar of the Shining One.
  2126 | D:2      | Found a sacrificial altar of Ru.
  2253 | D:2      | Reached skill level 1 in Shields
  2610 | D:3      | Reached skill level 6 in Stealth
  2712 | D:3      | Reached XP level 5. HP: 40/41 MP: 5/8
  3251 | D:3      | Noticed an ogre
  3315 | D:3      | Killed an ogre
  3315 | D:3      | Reached skill level 8 in Stealth
  3729 | D:4      | Noticed Grinder
  3739 | D:4      | Killed Grinder
  3739 | D:4      | Reached skill level 9 in Stealth
  3739 | D:4      | Reached XP level 6. HP: 45/47 MP: 2/9
  3916 | D:4      | Noticed Dowan
  3919 | D:4      | Noticed Duvessa
  3926 | D:4      | Killed Dowan
  3926 | D:4      | Reached skill level 10 in Stealth
  3926 | D:4      | Reached XP level 7. HP: 52/52 MP: 3/10
  4589 | D:4      | Noticed Menkaure
  4590 | D:4      | Killed Menkaure
  4652 | D:4      | Killed Duvessa
  4806 | D:4      | Found a stormy altar of Qazlal.
  4809 | D:4      | Noticed a water elemental
  4809 | D:4      | Noticed a fire elemental
  4809 | D:4      | Noticed an air elemental
  5105 | D:5      | Entered Level 5 of the Dungeon
  5139 | D:5      | Noticed Blork the orc
  5141 | D:5      | Noticed Pikel
  5142 | D:5      | Killed Blork the orc
  5142 | D:5      | Reached skill level 5 in Hexes
  5181 | D:4      | Reached XP level 8. HP: 24/58 MP: 1/11
  5598 | D:5      | Noticed Ijyb
  5628 | D:5      | Slain by a gnoll

Vault maps used:
D:1:      saegor_arrival_fortress
D:2:      lemuel_round_altar, nicolae_tso_carved_into_rock
D:3:      minmay_distorted
D:4:      nicolae_qazlal_style_of_elements, first_bread, uniq_menkaure,
          uniq_grinder, uniq_duvessa
D:5:      minmay_temple_entry_crystal_x, sigmund_army, uniq_pikel,
          uniq_blork_the_orc, uniq_ijyb

Skill      XL: |  1  2  3  4  5  6  7 |
---------------+----------------------+-----
Stealth        | 5 6 9 10 | 10.4
Fighting       | 2 3 |  3.0
Shields        | 1 4 |  4.0
Short Blades   | 3 |  3.0
Hexes          | 5 |  5.3
Dodging        | 3 |  3.2
Spellcasting   | |  2.0

Action                   |  1- 3 |  4- 6 |  7- 9 || total
-------------------------+-------+-------+-------++-------
Melee: Dagger            |   181 |   122 |    87 ||   390
       Bite              |     5 |    11 |     8 ||    24
 Cast: Ensorcelled Hiber |    16 |    23 |    21 ||    60
       Confuse           |       |     6 |     8 ||    14
 Abil: End Transformatio |       |       |     1 ||     1
       Bat Form          |       |       |     1 ||     1
  Use: Scroll            |     4 |     4 |       ||     8
       Potion            |     2 |     2 |    11 ||    15
 Stab: Sleeping          |    17 |    24 |    10 ||    51
       Distracted        |       |     5 |       ||     5
       Confused          |       |     3 |     3 ||     6
  Eat: Corpse            |       |     2 |     1 ||     3
Armor: Skin              |    32 |       |       ||    32
       Robe              |    23 |    32 |     8 ||    63
Dodge: Dodged            |   111 |    81 |    42 ||   234
